 Dungeon Crawl Stone Soup version 0.27-a0-1378-gdefffd1ff6 (webtiles) character file.

Game seed: 9661691130382669013

81 snetch the Magician (level 4, -5/31 HPs)
             Began as a Djinni Fire Elementalist on June 29, 2021.
             Was a Follower of Okawaru.
             Slain by Crazy Yiuf (8 damage)
             ... on level 2 of the Dungeon.
             The game lasted 00:06:16 (2528 turns).

snetch the Magician (Djinni Fire Elementalist)      Turns: 2528, Time: 00:06:17

Health: -5/31      AC:  4    Str:  7    XL:     4   Next: 67%
Gold:   112        EV: 12    Int: 18    God:    Okawaru [*.....] SH:  0 Dex: 13

rFire    + + .     SeeInvis .   (no weapon)
rCold    x . .     Faith    .   (no shield)
rNeg     . . .     Spirit   .   g - +0 leather armour
rPois    ∞         Reflect  .   (no helmet)
rElec    .         Harm     .   a - +0 cloak
rCorr    .         Rampage  .   (no gloves)
Will     .....                  (boots unavailable)
Stlth    ++........             (no amulet)
HPRegen  0.10/turn              (no ring)
MPRegen  0.00/turn              (no ring)

@: flying
A: sickness immunity, fire resistance 2, cold vulnerability 1, float, innate
caster, hp casting, extra vitality 1
a: Renounce Religion, Heroism


You were on level 2 of the Dungeon.
You worshipped Okawaru.
Okawaru was aware of your devotion.
You visited 1 branch of the dungeon, and saw 3 of its levels.

You collected 112 gold pieces.

Inventory:

Hand Weapons
 m - a +0 whip
Missiles
 b - 92 stones
 c - 32 arrows
 d - 10 poisoned darts
 k - 2 atropa-tipped darts
Armour
 a - a +0 cloak (worn)
 g - a +0 leather armour (worn)
 j - a +0 chain mail
 n - a +0 kite shield
Scrolls
 f - a scroll of teleportation {unknown}
 o - a scroll of summoning {unknown}
 p - 2 scrolls of identify {unknown}
Potions
 e - 2 potions of flight {unknown}
 h - a potion of heal wounds {unknown}
 i - a potion of attraction {unknown}
 l - 2 potions of curing {unknown}


   Skills:
 + Level 0.1 Fighting
 + Level 0.4 Armour
 + Level 3.0 Dodging
 + Level 1.9 Stealth
 + Level 3.4 Spellcasting


You couldn't memorise any spells.
You knew the following spells:

 Your Spells              Type           Power      Damage    Failure   Level
a - Foxfire               Conj/Fire      60%        2x1d7     5%          1
b - Conjure Flame         Conj/Fire      15%        6-21      17%         3
c - Inner Flame           Hex/Fire       15%        N/A       17%         3
d - Sticky Flame          Conj/Fire      15%        2d4       50%         4
e - Fireball              Conj/Fire      7%         3d5       83%         5
f - Summon Small Mammal   Summ           60%        N/A       5%          1
Your spell library was empty.

Dungeon Overview and Level Annotations

Branches:
Dungeon (3/15)

Altars:
Okawaru

Annotations:
D:2 Crazy Yiuf


Innate Abilities, Weirdness & Mutations

You are immune to sickness and miasma.
You are immune to poison.
Your flesh is very heat resistant. (rF++)
You are vulnerable to cold. (rC-)
You float through the air rather than walking.
You learn spells naturally, not from books.
Your magical power is your life essence.
You have superior vitality. (+4 HP)


Message History

HP restored.
Found a mace.
Found a runed translucent door.
Crazy Yiuf shouts!
Crazy Yiuf says, "Rifle!
Adder tortoise head."
You reach down and open the door.
Crazy Yiuf says, "Leather wrapper meccalolo!"
Crazy Yiuf says, "Cholesterol!"
You conjure some foxfire!
Casting: Foxfire (safe; 5% risk of failure)
Confirm with . or Enter, or press ? or * to list all spells.
The foxfire hits Crazy Yiuf.
Crazy Yiuf is moderately wounded.
The foxfire hits Crazy Yiuf.
Crazy Yiuf is moderately wounded.
Crazy Yiuf hits you with a +3 quarterstaff of chaos!
Crazy Yiuf freezes you.
You conjure some foxfire!
Crazy Yiuf misses you.
Unknown command.
You conjure some foxfire!
The foxfire hits Crazy Yiuf.
Crazy Yiuf is moderately wounded.
The foxfire hits Crazy Yiuf.
Crazy Yiuf is heavily wounded.
Crazy Yiuf grits, "Island snail song!"
Crazy Yiuf hits you with a +3 quarterstaff of chaos!
* * * LOW HITPOINT WARNING * * *
The foxfire hits Crazy Yiuf.
Crazy Yiuf is heavily wounded.
The foxfire hits Crazy Yiuf but does no damage.
Crazy Yiuf is heavily wounded.
Crazy Yiuf hits your rat with a +3 quarterstaff of chaos!
Your rat dies!
Your rat's corpse disappears in a puff of smoke!
Crazy Yiuf whimpers, "Adder fast cloud!"
You see here a ball python corpse.
Crazy Yiuf yells, "Gum action tortoise!"
Crazy Yiuf screams, "Papa song high!"
Crazy Yiuf yells, "Two!
Nubble alas chair."
Crazy Yiuf whimpers, "Paint!"
Crazy Yiuf hits you with a +3 quarterstaff of chaos!
You die...

#.### #.....# ##.# #.# #.....#
#.## ########.###...#.....#
##.# ...............#.#.###
##.## ...............#.#†.#
##...# ..............##.#..##
#....# .÷............##.#...#
##..##
.###############g##..####....#
.# #@###........## .#
#.....>##...## ##
############# ########
.......# #..###.# #..# #.#
#..# #.# ...###.#


You could see Crazy Yiuf.

Vanquished Creatures
  2 adders (D:2)
  3 worms (D:2)
  5 bats
  3 giant cockroaches
  3 goblins
  2 hobgoblins (D:1)
  13 jackals
  A quokka (D:2)
  7 ball pythons
  2 frilled lizards
  3 kobolds (D:1)
44 creatures vanquished.

Vanquished Creatures (collateral kills)
  A dart slug (D:1)
  A bat (D:2)
  A rat (D:1)
3 creatures vanquished.

Vanquished Creatures (others)
  173 foxfires
173 creatures vanquished.

Grand Total: 220 creatures vanquished

Notes
Turn   | Place    | Note
-------+----------+-------------------------------------------
     0 | D:1      | snetch the Djinni Fire Elementalist began the quest for the
                  | Orb.
     0 | D:1      | Reached XP level 1. HP: 15/15 MP: 0/0
   345 | D:2      | Reached XP level 2. HP: 18/21 MP: 0/0
   553 | D:2      | Reached XP level 3. HP: 21/25 MP: 0/0
   553 | D:2      | Learned a level 1 spell: Summon Small Mammal
  1212 | D:2      | Found a faded altar of an unknown god.
  1260 | D:2      | Became a worshipper of Warmaster Okawaru
  1260 | D:2      | Reached * piety under Okawaru
  1465 | D:1      | Reached XP level 4. HP: 15/31 MP: 0/0
  2495 | D:2      | Found a runed translucent door.
  2496 | D:2      | Noticed Crazy Yiuf
  2512 | D:2      | HP: 1/31 [Crazy Yiuf (14)]
  2528 | D:2      | Slain by Crazy Yiuf

Illustrated notes

Levels and vault maps discovered:
D:1:      dpeg_arrival_leaves_temple_mockup, layout_rooms, serial_park_tiny_pond
D:2:      layout_basic, hellmonk_ecumenical_altar_dog_temple,
          kennysheep_generic_room_9, uniq_crazy_yiuf_cottage
D:3:      layout_loops_corners, tso_metal_star, chequers_hall_statues_wall_a

Skill      XL: |  1  2  3 |
---------------+----------+-----
Spellcasting   | 3 |  3.4
Dodging        | 3 |  3.0
Fighting       | |  0.1
Armour         | |  0.4
Stealth        | |  1.9

Action                   |  1- 3 |  4- 6 || total
-------------------------+-------+-------++-------
 Cast: Foxfire           |    64 |    40 ||   104
       Summon Small Mamm |     7 |     1 ||     8
Armor: Robe              |    11 |       ||    11
       Leather armour    |       |     1 ||     1
Dodge: Dodged            |    28 |     9 ||    37

Table legend: (Time is in decaauts)
 A = Elapsed time spent in this place.
 B = Non-inter-level travel time spent in this place.
 C = Inter-level travel time spent in this place.
 D = Time resting spent in this place.
 E = Time spent auto-exploring this place.
 F = Levels seen in this place.
 G = Mean time per level.
                   A        B        C        D        E       F      G
               +--------+--------+--------+--------+--------+-----+--------+
         Total |   2534 |   2444 |     90 |    410 |   1407 |   3 |  844.7 |
       Dungeon |   2534 |   2444 |     90 |    410 |   1407 |   3 |  844.7 |
               +--------+--------+--------+--------+--------+-----+--------+

Top non-repeatable levels by time:
     D:1: 1191 daAuts
     D:2: 1075 daAuts
     D:3: 267 daAuts
